 Dungeon Crawl Stone Soup version 0.22.1-6-g1668fe2 (webtiles) character file.

68967 Flooderbenga the Severer (level 14, -3/135 HPs)
             Began as a Deep Dwarf Fighter on Jan 30, 2019.
             Was an Elder of Makhleb.
             Killed from afar by a shock serpent (18 damage)
             ... with a bolt of electricity
             ... on level 3 of the Snake Pit.
             The game lasted 00:53:17 (12928 turns).

Flooderbenga the Severer (Deep Dwarf Fighter)      Turns: 12928, Time: 00:53:18

Health: -3/135     AC: 18    Str: 25    XL:     14   Next: 88%
Magic:  2/2        EV: 11    Int:  9    God:    Makhleb [****..]
Gold:   1143       SH: 16    Dex: 12    Spells: 13/13 levels left

rFire    + . .     SeeInvis .   a - +5 war axe (chop)
rCold    . . .     Gourm    .   H - +3 shield
rNeg     + . .     Faith    +   M - +0 plate armour
rPois    .         Spirit   .   u - +1 helmet
rElec    .         Reflect  .   n - +0 cloak
rCorr    +         Harm     .   (no gloves)
MR       ++...                  (no boots)
Stlth    ..........             p - amulet of faith
HPRegen  0.00/turn              g - ring of protection from fire
MPRegen  0.08/turn              C - ring of resist corrosion

@: non-regenerating
A: damage resistance, heal wounds, mutation resistance 1, negative energy
resistance 1, sense surroundings 2, no regeneration
a: Heal Wounds, Minor Destruction, Lesser Servant of Makhleb, Major Destruction,
Renounce Religion


You were on level 3 of the Snake Pit.
You worshipped Makhleb.
Makhleb was greatly pleased with you.
You were not hungry.

You visited 5 branches of the dungeon, and saw 24 of its levels.

You collected 1143 gold pieces.

Inventory:

Hand Weapons
 a - a +5 war axe of chopping (weapon)
 b - a +1 morningstar of holy wrath
 P - a +0 flail
Missiles
 e - 470 stones (quivered)
 i - 216 arrows
 m - 109 poisoned needles
 z - 200 sling bullets
 J - 181 bolts
 X - 3 curare-tipped needles
Armour
 n - a +0 cloak (worn)
 u - a +1 helmet (worn)
 H - a +3 shield (worn)
 M - a +0 plate armour (worn)
 U - +0 fire dragon scales
 W - a +1 scale mail of cold resistance
Jewellery
 g - a ring of protection from fire (left hand)
 p - an amulet of faith (around neck)
 s - an uncursed ring of see invisible
 C - a ring of resist corrosion (right hand)
Wands
 c - a wand of flame (53)
 y - a wand of iceblast (4)
 D - a wand of acid (7)
 K - a wand of paralysis (11)
 Y - a wand of polymorph (15)
Scrolls
 k - 6 scrolls of remove curse {@r2}
 r - 2 scrolls of identify {@r1}
 v - 2 scrolls of teleportation {@r3}
 E - a scroll of fog {unknown}
 F - 6 scrolls of amnesia
 G - a scroll of fear {unknown}
 O - 2 scrolls of immolation
 S - a scroll of summoning
Potions
 d - 2 potions of might {@q4}
 h - a potion of heal wounds {@q2}
 j - 3 potions of brilliance
 l - 3 potions of flight
 o - a potion of resistance
 q - 4 potions of curing {@q1}
 w - a potion of agility {@q5}
 x - a potion of mutation
 A - a potion of magic
 B - a potion of degeneration
 L - a potion of berserk rage
Comestibles
 f - 31 rations
 t - a chunk of flesh


   Skills:
 + Level 11.5 Fighting
 - Level 16.0 Axes
 + Level 9.8 Armour
 + Level 9.0 Dodging
 + Level 11.9 Shields
 + Level 12.6 Invocations


You had 13 spell levels left.
You didn't know any spells.
Your spell library contained the following spells:

 Spells                   Type           Power        Failure   Level  Hunger
 Beastly Appendage        Tmut           #.....       99%         1    ##.....
 Corona                   Hex            #......      99%         1    ##.....
 Summon Small Mammal      Summ           #...         99%         1    ##.....
 Blink                    Tloc           N/A          100%        2    ###....
 Call Imp                 Summ           #.......     100%        2    ###....
 Ensorcelled Hibernation  Hex/Ice        #.....       100%        2    ###....
 Poisonous Vapours        Pois/Air       #.....       100%        2    ###....
 Shroud of Golubria       Chrm/Tloc      #.........   100%        2    ###....
 Slow                     Hex            #.......     100%        2    ###....
 Sticks to Snakes         Tmut           #.......     100%        2    ###....
 Call Canine Familiar     Summ           #.......     100%        3    ####...
 Conjure Flame            Conj/Fire      #.......     100%        3    ####...
 Gell's Gravitas          Tloc           #.........   100%        3    ####...
 Inner Flame              Hex/Fire       #.......     100%        3    ####...
 Lesser Beckoning         Tloc           #.........   100%        3    ####...
 Mephitic Cloud           Conj/Pois/Air  #.......     100%        3    ####...
 Portal Projectile        Hex/Tloc       #.....       100%        3    ####...
 Spider Form              Tmut/Pois      #.........   100%        3    ####...
 Summon Guardian Golem    Hex/Summ       #.......     100%        3    ####...
 Teleport Other           Tloc           #.......     100%        3    ####...
 Cause Fear               Hex            #.........   100%        4    #####..
 Ice Form                 Ice/Tmut       #.......     100%        4    #####..
 Leda's Liquefaction      Hex/Erth       #.........   100%        4    #####..
 Passage of Golubria      Tloc           N/A          100%        4    #####..
 Summon Ice Beast         Ice/Summ       #.......     100%        4    #####..
 Summon Lightning Spire   Summ/Air       #.......     100%        4    #####..
 Blade Hands              Tmut           #.........   100%        5    ######.
 Borgnjor's Vile Clutch   Necr/Erth      #.........   100%        5    ######.
 Silence                  Hex/Air        #.........   100%        5    ######.
 Yara's Violent Unravell  Hex/Tmut       #.........   100%        5    ######.
 Conjure Ball Lightning   Conj/Air       #.........   100%        6    #######
 Darkness                 Hex            #.........   100%        6    #######
 Deflect Missiles         Chrm/Air       #.........   100%        6    #######
 Freezing Cloud           Conj/Ice/Air   #.........   100%        6    #######
 Shadow Creatures         Summ           N/A          100%        6    #######
 Ring of Flames           Chrm/Fire      #.........   100%        7    #######
 Discord                  Hex            #.........   100%        8    #######
 Tornado                  Air            #.........   100%        9    #######


Dungeon Overview and Level Annotations

Branches:
Dungeon (13/15)            Temple (1/1) D:4            Lair (6/6) D:11
  Swamp (1/4) Lair:3        Snake (3/4) Lair:2        Slime (0/5) Lair:5
    Orc (0/2) D:10
 Vaults: D:13-14

Altars:
Ashenzari
Cheibriados
Dithmenos
Elyvilon
Fedhas
Hepliaklqana
Kikubaaqudgha
Makhleb
Nemelex Xobeh
Okawaru
Qazlal
Sif Muna
Trog
Uskayaw
Vehumet
Wu Jian
Xom
Yredelemnul
Zin
Jiyva
Lugonu

Shops:
Snake:1 =

Annotations:
D:11 3 runed doors
Lair:5 exclusion: oklob plant
Lair:6 exclusion: 2 oklob plants
Swamp:1 1 runed door, Crl's ghost, journeyman GnWz
Snake:1 exclusion: Roxanne, Roxanne


Innate Abilities, Weirdness & Mutations

You are resistant to damage.
You can heal yourself by infusing magical energy.
You resist negative energy. (rN+)
You passively map the area around you.
You do not regenerate.
You are somewhat resistant to further mutation.


Message History

You can't see that place. [Stash: an uncursed shortbow of flaming] [the floor.] Unknown command.
Unknown command.
Aim: a shock serpent (heavily wounded, covered in liquid flames, chance to
Okay, then.
Aim: a shock serpent (heavily wounded, covered in liquid flames)
The bolt of acid hits the shock serpent.
The shock serpent is splashed with acid.
The shock serpent's electric aura discharges, shocking you!
* * * LOW HITPOINT WARNING * * *
The shock serpent burns!
The shock serpent's electric aura discharges, shocking you!
The shock serpent bites you but does no damage.
The shock serpent shoots out a bolt of lightning at you!
The bolt of electricity hits you!
* * * LOW HITPOINT WARNING * * *
The bolt of electricity hits you!
You die...

######.....#####.....#,
,
.............##......#,
, ,*
#...................#*
*
*#....<................
#.................... ,
#........#######......
#........#.....#......
, ,
#........'.....#.....
,, ###........#@...##
,.. ,,
#...)......#S....# , *
#...........#.....# *
#....#.......#....## ,
* #..####......#.....#
* #. ###....#.....# #
###..####### ,, #.. , ,
, ,, .. , ,,*** ,


You could see a shock serpent (burning).

Vanquished Creatures
  Rupert (Snake:1)
  A fire dragon (Lair:6)
  5 hydras
  A rakshasa (D:10)
  2 naga warriors
  A catoblepas (Lair:4)
  2 alligators (Swamp:1)
  A queen ant (D:8)
  3 anacondas
  A death yak (Lair:5)
  A naga sharpshooter (Snake:3)
  A shock serpent (Snake:3)
  Nergalle (Lair:3)
  2 naga ritualists (Snake:3)
  A lindwurm (Lair:6)
  Pikel (D:7)
  A mana viper (Snake:3)
  A cyclops (D:11)
  An oklob plant (Lair:5)
  2 salamanders (Snake:3)
  13 elephants
  17 black mambas
  A guardian serpent (Snake:3)
  A naga mage (Snake:3)
  2 molten gargoyles (Lair:6)
  11 spiny frogs
  A kobold demonologist (D:12)
  5 rime drakes
  11 komodo dragons
  A troll (D:13)
  A tyrant leech (Swamp:1)
  Prince Ribbit (D:8)
  2 bog bodies (Swamp:1)
  A meliai zombie (D:10)
  10 hippogriffs
  15 blink frogs
  A dream sheep (Lair:5)
  A spriggan (Lair:5)
  4 wyverns
  32 yaks
  2 basilisks
  2 steam dragons
  A hungry ghost (D:10)
  13 nagas
  8 soldier ants
  11 water moccasins
  3 hell hounds (Lair:6)
  9 porcupines
  An ice beast (D:9)
  A black bear (Lair:2)
  4 orc warriors
  A slave (D:7)
  3 sky beasts
  A phantom (D:7)
  3 centaurs
  5 ogres
  2 necrophages
  11 crocodiles
  Blork the orc (D:5)
  3 big kobolds
  16 bullfrogs
  A gnoll sergeant (D:10)
  4 scorpions
  6 killer bees
  2 electric eels (Lair:2)
  5 crimson imps
  2 lava snakes (Lair:6)
  5 orc priests
  A bullfrog skeleton (D:7)
  2 jellies
  9 hounds
  Jessica (D:3)
  3 iguanas
  11 orc wizards
  25 worker ants
  A hound zombie (D:9)
  4 hound skeletons
  3 worker ant zombies
  4 gnolls (D:2)
  A howler monkey skeleton (D:8)
  10 adders
  2 river rats (D:6)
  4 shadow imps
  An ooze (D:1)
  An adder skeleton (D:4)
  4 worms
  3 dart slugs
  6 leopard geckos
  28 orcs
  5 ball pythons
  5 bats
  8 giant cockroaches
  2 gnoll zombies (D:8)
  8 goblins
  4 hobgoblins
  12 jackals
  A quokka (D:5)
  A ball python skeleton (D:5)
  2 frilled lizards
  A jackal zombie (D:5)
  16 kobolds
  A leopard gecko skeleton (D:6)
  7 rats
  5 fungi
  2 plants (Lair:3)
491 creatures vanquished.

Vanquished Creatures (collateral kills)
  A thorn hunter (Swamp:1)
  A nagaraja (Snake:2)
  2 hydras (Lair:6)
  An anaconda (Snake:3)
  An alligator (Swamp:1)
  2 naga sharpshooters
  3 mana vipers
  3 salamanders
  4 black mambas
  A spiny frog (Lair:6)
  A molten gargoyle (Lair:6)
  3 komodo dragons (Lair:6)
  A tyrant leech (Swamp:1)
  A wyvern (Lair:6)
  2 basilisks (Lair:6)
  3 nagas (Snake:3)
  A swamp drake (Swamp:1)
  A crocodile (Lair:6)
  A lava snake (Lair:6)
  A fungus (Lair:6)
34 creatures vanquished.

Vanquished Creatures (others)
  An orc wizard (D:5)
  A quokka (D:8)
  5 fungi
  13 plants
20 creatures vanquished.

Grand Total: 545 creatures vanquished

Notes
Turn   | Place    | Note
-------+----------+-------------------------------------------
     0 | D:1      | Flooderbenga the Deep Dwarf Fighter began the quest for the
                  | Orb.
     0 | D:1      | Reached XP level 1. HP: 20/20 MP: 1/1
   111 | D:1      | Reached XP level 2. HP: 27/27 MP: 2/2
   253 | D:1      | Reached skill level 3 in Axes
   316 | D:2      | Reached XP level 3. HP: 26/34 MP: 3/3
   351 | D:2      | Reached skill level 4 in Axes
   351 | D:2      | Reached XP level 4. HP: 40/42 MP: 3/3
   555 | D:2      | Reached XP level 5. HP: 39/50 MP: 3/3
   629 | D:3      | Reached skill level 5 in Axes
   674 | D:3      | Noticed Jessica
   679 | D:3      | Killed Jessica
   723 | D:4      | Reached XP level 6. HP: 52/57 MP: 3/3
   807 | D:4      | Found a staircase to the Ecumenical Temple.
   827 | Temple   | Entered the Ecumenical Temple
   913 | D:4      | Found a shattered altar of Ashenzari.
   945 | D:4      | Reached skill level 6 in Axes
  1153 | D:5      | Entered Level 5 of the Dungeon
  1343 | D:5      | Found a shimmering altar of Xom.
  1493 | D:5      | Reached skill level 7 in Axes
  1493 | D:5      | Reached XP level 7. HP: 49/66 MP: 4/4
  1724 | D:5      | Found a glowing silver altar of Zin.
  1903 | D:5      | Noticed Blork the orc
  1916 | D:5      | Killed Blork the orc
  1916 | D:5      | Reached skill level 5 in Fighting
  2108 | D:5      | Reached skill level 8 in Axes
  2244 | D:6      | Found a glowing drain.
  2302 | D:6      | Found a sparkling altar of Nemelex Xobeh.
  2313 | D:6      | Found a hide-covered altar of Uskayaw.
  2335 | D:6      | Reached XP level 8. HP: 34/75 MP: 5/5
  2742 | D:6      | Found an iron altar of Okawaru.
  2871 | D:7      | Reached skill level 9 in Axes
  2969 | D:8      | Noticed a hippogriff
  2978 | D:7      | Killed a hippogriff
  3012 | D:7      | Reached skill level 10 in Axes
  3144 | D:7      | Gained mutation: You passively map the area around you.
                  | [Deep Dwarf growth]
  3144 | D:7      | Reached XP level 9. HP: 32/85 MP: 4/4
  3312 | D:7      | Reached skill level 11 in Axes
  3405 | D:7      | Noticed Pikel
  3427 | D:7      | Killed Pikel
  3727 | D:8      | Found a white marble altar of Elyvilon.
  3780 | D:8      | Reached skill level 12 in Axes
  4198 | D:8      | Noticed Prince Ribbit
  4216 | D:8      | Killed Prince Ribbit
  4349 | D:8      | Found a basalt altar of Yredelemnul.
  4473 | D:3      | Found a blossoming altar of Fedhas.
  4526 | D:3      | Found a burning altar of Makhleb.
  4536 | D:3      | Reached XP level 10. HP: 67/96 MP: 4/4
  4547 | D:3      | Became a worshipper of Makhleb the Destroyer
  4716 | D:9      | Reached skill level 13 in Axes
  4770 | D:9      | Noticed a queen ant
  4847 | D:8      | Killed a queen ant
  4917 | D:8      | Reached * piety under Makhleb
  4927 | D:9      | Reached skill level 1 in Invocations
  5323 | D:10     | Entered Level 10 of the Dungeon
  5329 | D:10     | Noticed a rakshasa
  5371 | D:10     | Killed a rakshasa
  5371 | D:10     | Reached skill level 14 in Axes
  5371 | D:10     | Reached skill level 1 in Dodging
  5560 | D:10     | Reached XP level 11. HP: 70/106 MP: 3/3
  5579 | D:10     | Reached ** piety under Makhleb
  5615 | D:10     | You fall through a shaft for 3 floors!
  5621 | D:13     | Reached skill level 5 in Invocations
  5655 | D:12     | Noticed a seven-headed hydra
  5661 | D:12     | Gained mutation: You are somewhat resistant to further
                  | mutation. [potion of mutation]
  5683 | D:12     | Killed a 19-headed hydra
  5789 | D:12     | Noticed a two-headed ogre
  5925 | D:11     | Found a runed gate.
  5931 | D:11     | Found a runed gate.
  5934 | D:11     | Found a runed gate.
  6088 | D:11     | Found a staircase to the Lair.
  6116 | Lair:1   | Entered Level 1 of the Lair of Beasts
  6171 | Lair:1   | Reached skill level 5 in Armour
  6171 | Lair:1   | Reached skill level 5 in Shields
  6185 | Lair:1   | Noticed an eight-headed hydra
  6515 | Lair:2   | Noticed a five-headed hydra
  6623 | Lair:3   | Reached XP level 12. HP: 93/116 MP: 4/4
  6641 | Lair:3   | Reached *** piety under Makhleb
  6645 | Lair:3   | Reached skill level 15 in Axes
  6735 | Lair:3   | Found a staircase to the Swamp.
  6761 | Lair:3   | Noticed Nergalle
  6774 | Lair:3   | Killed Nergalle
  7343 | Swamp:1  | Entered Level 1 of the Swamp
  7345 | Swamp:1  | Noticed an alligator
  7359 | Swamp:1  | Killed an alligator
  7373 | Swamp:1  | Noticed an alligator
  7432 | Lair:3   | Reached skill level 5 in Dodging
  7444 | Lair:4   | Reached skill level 10 in Fighting
  7658 | Lair:4   | Noticed a catoblepas
  7671 | Lair:4   | Killed a catoblepas
  8137 | Lair:4   | Reached **** piety under Makhleb
  8144 | Lair:4   | Reached XP level 13. HP: 91/123 MP: 4/4
  8750 | Lair:5   | Found a viscous altar of Jiyva.
  8751 | Lair:5   | Found a staircase to the Slime Pits.
  8791 | Lair:5   | Reached skill level 16 in Axes
  9274 | Lair:5   | You fall through a shaft!
  9274 | Lair:6   | Entered Level 6 of the Lair of Beasts
  9343 | Lair:6   | Found an ancient bone altar of Kikubaaqudgha.
  9612 | Lair:6   | Found a large runed door.
  9615 | Lair:6   | Found a large runed door.
  9615 | Lair:6   | Noticed a fire dragon
  9661 | Lair:6   | Reached skill level 10 in Shields
  9764 | Lair:6   | Killed a fire dragon
 10453 | Swamp:1  | Found a runed door.
 10453 | Swamp:1  | Found a shimmering altar of Xom.
 10453 | Swamp:1  | Noticed Crl's ghost (journeyman GnWz)
 10464 | Swamp:1  | Noticed a thorn hunter
 10494 | Swamp:1  | Killed a thorn hunter
 10494 | Swamp:1  | Gained mutation: You resist negative energy. (rN+) [Deep
                  | Dwarf growth]
 10494 | Swamp:1  | Reached XP level 14. HP: 47/135 MP: 1/1
 11677 | Lair:2   | Found a staircase to the Snake Pit.
 12023 | Snake:1  | Entered Level 1 of the Snake Pit
 12026 | Snake:1  | Noticed Rupert
 12036 | Snake:1  | Killed Rupert
 12069 | Snake:1  | Noticed Roxanne
 12069 | Snake:1  | HP: 5/135 [naga sharpshooter/arrow (2)]
 12135 | Snake:1  | Found Qiymuc's Jewellery Shop.
 12175 | Snake:2  | Noticed a nagaraja
 12197 | Snake:2  | Killed a nagaraja
 12197 | Snake:2  | Reached skill level 10 in Invocations
 12348 | Snake:2  | You fall through a shaft!
 12928 | Snake:3  | Killed from afar by a shock serpent

Skill      XL: |  1  2  3  4  5  6  7  8  9 10 11 12 13 14 |
---------------+-------------------------------------------+-----
Axes           | 3 4 5 7 8 10 12 14 15 16 | 16.0
Fighting       | 3 4 5 6 8 9 10 11 | 11.5
Invocations    | 4 7 8 12 | 12.6
Dodging        | 1 4 5 8 9 |  9.0
Shields        | 4 5 8 11 | 11.9
Armour         | 5 7 8 9 |  9.8

Action                   |  1- 3 |  4- 6 |  7- 9 | 10-12 | 13-15 || total
-------------------------+-------+-------+-------+-------+-------++-------
Melee: War axe           |    66 |   172 |   386 |   738 |   628 ||  1990
       Morningstar       |       |       |       |       |    19 ||    19
Invok: Lesser Servant of |       |       |       |     1 |    24 ||    25
       Major Destruction |       |       |       |       |     5 ||     5
       Minor Destruction |       |       |       |       |     4 ||     4
 Abil: Heal Wounds       |     1 |     3 |    16 |    30 |    25 ||    75
Evoke: Wand              |       |       |       |       |    12 ||    12
  Use: Scroll            |       |     1 |     4 |    16 |    17 ||    38
       Potion            |       |       |       |    13 |     9 ||    22
 Stab: Distracted        |       |       |       |     1 |     3 ||     4
       Paralysed         |       |       |       |       |     1 ||     1
  Eat: Chunk             |       |     2 |    10 |    14 |    13 ||    39
       Ration            |       |       |       |       |     1 ||     1
Armor: Scale mail        |    43 |    89 |   157 |    62 |     2 ||   353
       Plate armour      |       |       |       |   225 |   187 ||   412
       Skin              |       |       |       |   116 |       ||   116
Dodge: Dodged            |    26 |    81 |   196 |   202 |   172 ||   677
Block: Shield            |    52 |    93 |       |   397 |   433 ||   975
